 Dungeon Crawl Stone Soup version 0.23.2-1-ga50397a6bc (webtiles) character file.

Game seed: 18233066137395349965

186 Mrkan the Cudgeler (level 5, -5/53 HPs)
             Began as a Troll Monk on May 18, 2019.
             Slain by Sigmund
             ... wielding a +1 scythe of venom
              (20 damage)
             ... on level 3 of the Dungeon.
             The game lasted 00:02:56 (1696 turns).

Mrkan the Cudgeler (Troll Monk)                     Turns: 1696, Time: 00:02:56

Health: -5/53      AC:  6    Str: 20    XL:     5   Next: 38%
Magic:  4/4        EV: 10    Int:  6    God:
Gold:   72         SH:  0    Dex: 12    Spells: 4/4 levels left

rFire    . . .     SeeInvis .   a - +0 mace
rCold    . . .     Gourm    +   (no shield)
rNeg     . . .     Faith    .   b - +0 robe
rPois    .         Spirit   .   (helmet restricted)
rElec    .         Reflect  .   (no cloak)
rCorr    .         Harm     .   (gloves unavailable)
MR       .....                  (boots unavailable)
Stlth    ++........             (no amulet)
HPRegen  0.57/turn              (no ring)
MPRegen  0.09/turn              (no ring)

@: lethally poisoned (-5 -> -17)
A: large, unfitting armour, claws 3, fast metabolism 3, gourmand, regeneration
1, shaggy fur 1, tough skin 3
a: no special abilities


You were on level 3 of the Dungeon.
You were very hungry.

You visited 1 branch of the dungeon, and saw 3 of its levels.

You collected 72 gold pieces.

Inventory:

Hand Weapons
 a - a +0 mace (weapon)
Armour
 b - a +0 robe (worn)
Wands
 m - a wand of random effects (11)
Scrolls
 d - 2 scrolls of teleportation {unknown}
 e - 2 scrolls of amnesia {unknown}
 f - 2 scrolls of remove curse {unknown}
 g - a scroll of identify {unknown}
Potions
 h - a potion of agility {unknown}
 i - a potion of berserk rage {unknown}
 j - a potion of heal wounds
 k - a potion of lignification {unknown}
 l - a potion of brilliance {unknown}
Comestibles
 c - 6 rations


   Skills:
 + Level 3.5 Fighting
 * Level 4.8 Maces & Flails
 - Level 2.4 Dodging
 - Level 1.0 Stealth


You had 4 spell levels left.
You didn't know any spells.
Your spell library was empty.

Dungeon Overview and Level Annotations

Branches:
Dungeon (3/15)

Altars:

Portals:
Sewer: D:3

Annotations:
D:3 Sigmund


Innate Abilities, Weirdness & Mutations

You are too large for most types of armour.
You have claws for hands.
Your metabolism is lightning-fast.
You like to eat raw meat.
Your natural rate of healing is unusually fast.
You are covered in fur. (AC +1)
You have extremely tough skin. (AC +3)


Message History

The hobgoblin is moderately wounded.
The adder barely misses you. The adder bites you. The hobgoblin hits you.
The adder bites you but does no damage. The adder bites you.
You closely miss the hobgoblin.
The hobgoblin is moderately wounded.
You feel sick. The adder bites you but does no damage. The hobgoblin hits you.
The adder bites you.
You are more poisoned.
The adder poisons you!
You hit the hobgoblin.
The hobgoblin is almost dead.
You feel sick. The adder closely misses you. The adder bites you.
You are more poisoned.
The adder poisons you! The hobgoblin barely misses you. Something hits you.
You are more poisoned.
The adder barely misses you. The adder bites you but does no damage.
You barely miss the adder.
You feel sick.
The hobgoblin hits you but does no damage.
The adder barely misses you. Something hits you!!
You die...

. #.#..#.........# #..#
. #.#......#####.# #..#
. #.#......#≈≈≈#.# #..#
. ###.###....#≈≈≈#.#
#..#
.####...####...#≈∩≈#.#
#..#
...†...........#≈≈≈#.#
#..#
#####........>.#SS≈#.##
...#
##########†##S##..##
##.# #bg@S...... #.#
#.######### #.# #.. ###


You could see 4 adders, a hobgoblin and a bat.

Vanquished Creatures
  Terence (D:3)
  Natasha (D:2)
  Robin (D:2)
  4 gnolls (D:3)
  An adder (D:3)
  3 dart slugs
  2 leopard geckos (D:3)
  6 bats
  4 giant cockroaches (D:1)
  9 goblins
  14 hobgoblins
  7 jackals (D:1)
  A quokka (D:2)
  A ball python (D:2)
  3 frilled lizards
  2 kobolds
  7 rats
67 creatures vanquished.

Notes
Turn   | Place    | Note
-------+----------+-------------------------------------------
     0 | D:1      | Mrkan the Troll Monk began the quest for the Orb.
     0 | D:1      | Reached XP level 1. HP: 22/22 MP: 0/0
    50 | D:1      | Reached skill level 3 in Maces & Flails
   116 | D:1      | Reached XP level 2. HP: 19/29 MP: 1/1
   220 | D:1      | Reached XP level 3. HP: 23/36 MP: 2/2
  1059 | D:2      | Noticed Robin
  1083 | D:2      | Killed Robin
  1083 | D:2      | Reached skill level 4 in Maces & Flails
  1087 | D:2      | Reached XP level 4. HP: 23/45 MP: 3/3
  1197 | D:2      | Noticed Natasha
  1209 | D:2      | Killed Natasha
  1424 | D:3      | Noticed Terence
  1437 | D:3      | Killed Terence
  1490 | D:3      | Reached XP level 5. HP: 52/53 MP: 4/4
  1579 | D:3      | Found a glowing drain.
  1666 | D:3      | Noticed Sigmund
  1696 | D:3      | Slain by Sigmund

Skill      XL: |  1  2  3 |
---------------+----------+-----
Maces & Flails | 3 4 |  4.8
Fighting       | 3 |  3.5
Dodging        | |  2.4
Stealth        | |  1.0

Action                   |  1- 3 |  4- 6 || total
-------------------------+-------+-------++-------
Melee: Mace              |   153 |   101 ||   254
 Stab: Sleeping          |     1 |       ||     1
  Eat: Chunk             |     5 |     4 ||     9
       Ration            |     1 |       ||     1
Armor: Robe              |    97 |    67 ||   164
Dodge: Dodged            |   114 |    74 ||   188
